cohdb
Replays
Latest Replays
All Replays
Popular Replays
Top Player Replays
Match Explorer
How It Works
Community
CoH3 Stats
Reddit
Sign in to upload your games and track your stats! →
Sign in with Steam
Match 46696459
Unlisted
Match 46696459
Overview
Messages
Build Orders
End
Kradschützen Motorcycle Team
Selects Battlefield Espionage Battlegroup
Panzerpioneer Squad
Panzerpioneer Squad
Selects Sector Subterfuge Beacon
Panzerpioneer Squad
Construct Light Support Kompanie
Fire Support Elements
2.5-tonne Medical Truck
Selects 250/3 Funkpanzerwagen
250/3 Funkpanzerwagen
Flakvierling Half-track
Panzerpioneer Squad
Veteran Squad Leaders
Construct Panzerarmee Kommand
Selects Advanced Ambush Training
Selects Plunder
Panzer III L Medium Tank
Vehicle Survival Package
Forward Retreat Point
Selects Disruption Operation
Disruption Operation
Panzer III L Medium Tank
Cpt Darling
jwalker987
GeneralBez(IRE)
lifelock64
0
0
Comments
sign in to comment!
No comments posted yet!